 Dungeon Crawl Stone Soup version 0.21-a0-186-g02e8684 (webtiles) character file.

2251 Lavandula the Basher (level 9, 0/76 HPs)
             Began as a Formicid Artificer on Aug 13, 2017.
             Succumbed to a killer bee's poison
             ... on level 7 of the Dungeon.
             The game lasted 00:23:29 (6276 turns).

Lavandula the Basher (Formicid Artificer)           Turns: 6276, Time: 00:23:30

Health: 0/76       AC: 24    Str: 17    XL:     9   Next: 64%
Magic:  10/11      EV:  2    Int: 11    God:
Gold:   270        SH:  5    Dex: 16    Spells: 8/8 levels left

rFire    . . .     SeeInvis .   F - +4 flail
rCold    . . .     Gourm    .   (no shield)
rNeg     + + +     Faith    .   (armour currently unavailable)
rPois    +         Spirit   .   (helmet unavailable)
rElec    .         Reflect  +   (cloak currently unavailable)
rCorr    .         Harm     .   (gloves currently unavailable)
MR       .....                  (boots currently unavailable)
Stlth    ++........             B - +5 amulet of reflection
HPRegen  0.22/turn              (no ring)
MPRegen  0.12/turn              (no ring)

@: lethally poisoned (0 -> -19), tree-form
A: permanent stasis, dig shafts and tunnels, four strong arms, agile 1, frail 2
a: no special abilities


You were on level 7 of the Dungeon.
You were not hungry.
You were a tree.
You visited 1 branch of the dungeon, and saw 7 of its levels.

You collected 270 gold pieces.

Inventory:

Hand Weapons
 a - a +0 short sword
 i - a +3 falchion
 n - a cursed -2 hand axe
 p - a +0 flail of protection
 q - a +2 mace of crushing
 t - a +0 war axe
 y - a +3 falchion
 D - a +3 battleaxe
 F - a +4 flail (weapon)
Armour
 b - a +0 leather armour (melded)
 j - the +1 robe of Ashenzari's Outrage {rElec MR+ Str-4 Stlth+}
   (You found it on level 5 of the Dungeon)

   It affects your strength (-4).
   It insulates you from electricity.
   It affects your resistance to hostile enchantments.
   It makes you more stealthy.
 o - a +0 scale mail
 I - a +2 pair of gloves (melded)
Jewellery
 B - a +5 amulet of reflection (around neck)
Wands
 c - a wand of flame (7/48)
 d - a wand of enslavement (3/24)
 e - a wand of random effects (0/48)
 g - a wand of acid (5/15)
 r - a wand of lightning (5/15)
 s - a wand of digging (12/24)
 u - a wand of acid (7/15)
 z - a wand of acid (7/15)
Scrolls
 h - a scroll of magic mapping
 m - 2 scrolls of amnesia
 A - 2 scrolls of blinking {unknown}
 E - a scroll of noise {unknown}
 G - a scroll of remove curse
 H - 2 scrolls of fog {unknown}
 J - a scroll of identify
Books
 x - a book of Geomancy

   Spells                             Type                      Level
   a - Sandblast                      Earth                        1
   b - Passwall                       Transmutation/Earth          2
   c - Stone Arrow                    Conjuration/Earth            3
   d - Petrify                        Transmutation/Earth          4
   e - Lee's Rapid Deconstruction     Earth                        5
Comestibles
 f - 6 bread rations
 l - 2 meat rations
 C - 2 royal jellies


   Skills:
 - Level 3.5 Fighting
 - Level 3.1 Short Blades
 + Level 7.6(9.2) Axes
 - Level 8.1(9.4) Maces & Flails
 - Level 2.1 Dodging
 - Level 1.2 Stealth
 - Level 3.2 Evocations


You had 8 spell levels left.
You didn't know any spells.

Dungeon Overview and Level Annotations

Branches:
Dungeon (7/15)
 Temple: D:4-7

Altars:
Cheibriados
Fedhas
Gozag
Makhleb
Xom
The Shining One

Annotations:
D:7 Lavandula's ghost, novice FoAr


Innate Abilities, Weirdness & Mutations

You cannot be hasted, slowed, berserked, paralysed or teleported.
You can dig through walls and to a lower floor.
Your four strong arms can wield two-handed weapons with a shield.
((You have a pair of large antennae on your head. (SInv)))
You are agile. (Dex +2)
You are very frail. (-20% HP)


Message History

You feel sick. You block the killer bee's attack.
You hit the killer bee.
You kill the killer bee!
* * * LOW HITPOINT WARNING * * *
You feel sick. You block the bullfrog's attack.
You sock the bullfrog!
The bullfrog is heavily wounded.
* * * LOW HITPOINT WARNING * * *
You feel sick. You block the bullfrog's attack.
Okay, then.
You hit the bullfrog.
The bullfrog is severely wounded.
* * * LOW HITPOINT WARNING * * *
You feel sick. The bullfrog hits you.
* * * LOW HITPOINT WARNING * * *
You block the bullfrog's attack.
You feel extremely strange.
Your talons dull and shrink into feet.
You feel more energetic.
You feel frail. x2
You feel agile.
You die...

#8.....8 #.#.###
##.....## #.#.#
#8...8######.#.#
###>####.....#.#
### #####
#####.#.# ...
#.# ##..#
###.###.# ##.#
#.....#.# #.###
#♣#.# #.... .
#.F.## ##### #.#
#....# #####
#.....#.#.##
.....
###..##.##.####
.####
#...{........
##.##.##.####
##.#.#.## #...#


You could see a bullfrog.

Vanquished Creatures
  3 killer bees (D:7)
  3 centaurs
  3 ogres
  3 bullfrogs
  A gnoll sergeant (D:6)
  3 scorpions
  4 wights (D:6)
  A howler monkey (D:5)
  A crimson imp (D:5)
  A centaur zombie (D:6)
  5 hounds
  A gnoll shaman (D:5)
  3 orc priests
  An orc wizard (D:7)
  3 worker ants
  A hound zombie (D:5)
  A hound skeleton (D:7)
  15 gnolls
  5 adders
  2 oozes
  4 worms
  2 dart slugs
  3 leopard geckos
  17 orcs
  4 bats
  3 giant cockroaches
  3 goblins
  A hobgoblin (D:2)
  11 jackals
  A kobold (D:1)
  2 quokkas
  A ball python (D:4)
  4 frilled lizards
  A giant cockroach zombie (D:4)
  A quokka skeleton (D:6)
  A quokka zombie (D:7)
  7 rats
126 creatures vanquished.

Vanquished Creatures (collateral kills)
  A bullfrog (D:7)
  2 killer bees (D:7)
  An orc priest (D:7)
  A worker ant (D:7)
  5 orcs
10 creatures vanquished.

Vanquished Creatures (others)
  2 orc warriors (D:7)
  An ice beast (D:7)
  6 killer bees (D:7)
  A wight (D:6)
  2 bushes (D:7)
12 creatures vanquished.

Grand Total: 148 creatures vanquished

Notes
Turn   | Place    | Note
-------+----------+-------------------------------------------
     0 | D:1      | Lavandula the Formicid Artificer began the quest for the Orb.
     0 | D:1      | Reached XP level 1. HP: 15/15 MP: 3/3
   187 | D:1      | Reached XP level 2. HP: 21/21 MP: 4/4
   566 | D:2      | Reached XP level 3. HP: 22/26 MP: 5/5
   823 | D:3      | Reached XP level 4. HP: 7/34 MP: 6/6
  1088 | D:3      | Found a faded altar of an unknown god.
  1141 | D:3      | Found an opulent altar of Gozag.
  1231 | D:3      | Reached XP level 5. HP: 33/41 MP: 7/7
  1362 | D:5      | Entered Level 5 of the Dungeon
  1453 | D:5      | Noticed a centaur
  1467 | D:5      | HP: 1/41 [centaur (4)]
  1793 | D:5      | Reached skill level 1 in Maces & Flails
  2074 | D:5      | Got a fine robe
  2097 | D:5      | Identified the +1 robe of Ashenzari's Outrage {rElec MR+ Str-4 Stlth+} (You found it on level 5 of the Dungeon)
  2117 | D:5      | Reached skill level 2 in Maces & Flails
  2124 | D:5      | Reached XP level 6. HP: 11/47 MP: 8/8
  2394 | D:5      | Reached skill level 3 in Maces & Flails
  2594 | D:5      | Found a burning altar of Makhleb.
  2605 | D:5      | Reached skill level 4 in Maces & Flails
  2644 | D:6      | Reached XP level 7. HP: 40/52 MP: 9/9
  2671 | D:6      | Reached skill level 5 in Maces & Flails
  3593 | D:5      | Reached skill level 6 in Maces & Flails
  3692 | D:5      | HP: 2/52 [orc warrior/trident (16)]
  3934 | D:4      | Reached XP level 8. HP: 36/58 MP: 10/10
  4190 | D:4      | Reached skill level 7 in Maces & Flails
  4534 | D:6      | Found a glowing golden altar of the Shining One.
  4591 | D:6      | Reached skill level 8 in Maces & Flails
  4663 | D:6      | Reached skill level 1 in Axes
  5063 | D:7      | Found a blossoming altar of Fedhas.
  5065 | D:7      | Found a shimmering altar of Xom.
  5135 | D:6      | Found a snail-covered altar of Cheibriados.
  5410 | D:6      | Reached XP level 9. HP: 49/64 MP: 11/11
  5582 | D:7      | Noticed Lavandula's ghost (novice FoAr)
  5799 | D:7      | Reached skill level 5 in Axes
  6267 | D:7      | Gained mutation: Your magical capacity is low. (-10% MP) [potion of mutation]
  6267 | D:7      | Gained mutation: You have sharp toenails. [potion of mutation]
  6275 | D:7      | HP: 4/96 [poisoned by a killer bee]
  6276 | D:7      | Lost mutation: You have sharp toenails. [potion of mutation]
  6276 | D:7      | Lost mutation: Your magical capacity is low. (-10% MP) [potion of mutation]
  6276 | D:7      | Gained mutation: You are frail. (-10% HP) [potion of mutation]
  6276 | D:7      | Gained mutation: You are very frail. (-20% HP) [potion of mutation]
  6276 | D:7      | Gained mutation: You are agile. (Dex +2) [potion of mutation]
  6276 | D:7      | Succumbed to a killer bee's poison

Vault maps used:
D:1:      lightli_arrival_statue_moat
D:2:      marbit_many_paths
D:3:      lemuel_crystal_altar, chequers_ecumenical_altar_grove
D:4:      first_bread, serial_shops, shop
D:5:      overflow_temple_1_default
D:6:      nicolae_tso_carved_into_rock, lemuel_doored_altar
D:7:      nicolae_overflow_hidden_temple, minmay_temple_entry_trees

Skill      XL: |  1  2  3  4  5  6  7  8  9 |
---------------+----------------------------+-----
Short Blades   | 2 3 |  3.1
Fighting       | 2 3 |  3.5
Dodging        | 2 |  2.1
Maces & Flails | 2 4 6 8 |  8.1
Axes           | 4 7 |  7.6
Stealth        | |  1.2
Evocations     | |  3.2

Action                   |  1- 3 |  4- 6 |  7- 9 || total
-------------------------+-------+-------+-------++-------
Melee: Short sword       |    79 |   116 |       ||   195
       Flail             |       |    10 |    79 ||    89
       Mace              |       |    53 |   202 ||   255
       Battleaxe         |       |       |     3 ||     3
 Abil: Dig               |     2 |     2 |    10 ||    14
Evoke: Wand              |     6 |     7 |    30 ||    43
  Use: Potion            |       |     2 |     3 ||     5
       Scroll            |       |     3 |     5 ||     8
 Stab: Sleeping          |     2 |     1 |     3 ||     6
       Confused          |       |       |     1 ||     1
  Eat: Chunk             |       |     6 |    13 ||    19
Armor: Leather armour    |     8 |     3 |    16 ||    27
       Scale mail        |       |    31 |       ||    31
       Robe              |       |    15 |    21 ||    36
       Skin              |       |       |     3 ||     3
Dodge: Dodged            |    30 |   107 |   172 ||   309
Block: Other             |       |       |    21 ||    21
